 Dungeon Crawl Stone Soup version 0.31.0-11-ge490571c62 (webtiles) character file.

Game seed: 5097479026860545844

117 qw the Ducker (level 4, -2/22 HPs)
             Began as a Spriggan Hunter on Feb 3, 2024.
             Incinerated by a bombardier beetle (5 damage)
             ... with a burning spray
             ... on level 3 of the Dungeon.
             The game lasted 00:00:05 (1498 turns).

qw the Ducker (Spriggan Hunter)                     Turns: 1498, Time: 00:00:05

Health: -2/22      AC:  2    Str:  7    XL:     4   Next: 71%
Magic:  5/5        EV: 20    Int: 10    God:
Gold:   181        SH:  0    Dex: 20    Spells: 3/3 levels left

rFire   . . .        a - +0 shortbow
rCold   . . .        (shield currently unavailable)
rNeg    . . .        c - +0 robe
rPois   .            (helmet restricted)
rElec   .            (no cloak)
rCorr   .            (gloves unavailable)
SInv    +            (boots unavailable)
Will    .....        (no amulet)
Stlth   +            (no ring)
HPRegen 0.23/turn    (no ring)
MPRegen 0.09/turn

%: no passive effects
@: on fire, glowing, very quick
A: very small, no large weapons, unfitting armour, see invisible, speed 3
a: no special abilities


You were on level 3 of the Dungeon.
You visited 1 branch of the dungeon, and saw 3 of its levels.

You collected 181 gold pieces.


Innate Abilities, Weirdness & Mutations

You are very small and have problems with some larger weapons.
You are too small for most types of armour.
You have supernaturally acute eyesight. (SInv)
You cover ground extremely quickly. (Speed+++)


   Skills:
 + Level 1.5 Fighting
 - Level 5.1 Ranged Weapons
 - Level 5.2 Dodging
 - Level 1.5 Stealth


You had 3 spell levels left.
You didn't know any spells.
Your spell library was empty.

Inventory:

Hand Weapons
 a - a +0 shortbow (weapon)
Armour
 c - a +0 robe (worn)
Wands
 i - a wand of paralysis (11)
Scrolls
 d - a scroll of fear {unknown}
 h - a scroll of identify
Potions
 b - a potion of might
 e - a potion of enlightenment
 f - a potion of curing {unknown}
 g - a potion of attraction {unknown}

Dungeon Overview and Level Annotations

Branches:
Dungeon (3/15)

Altars:
Nemelex Xobeh


Message History

The arrow hits the hobgoblin but does no damage.
The hobgoblin shouts!
You shoot an arrow. The arrow hits the hobgoblin.
The hobgoblin is heavily wounded.
You shoot an arrow. The arrow hits the hobgoblin.
The hobgoblin is severely wounded.
You shoot an arrow.
The arrow hits the hobgoblin but does no damage.
The hobgoblin is severely wounded.
You shoot an arrow. The arrow hits the hobgoblin.
You kill the hobgoblin!
h - a scroll of identify
Found a spear.
You see here a +0 spear.
A bombardier beetle comes into view.
You shoot an arrow. The arrow hits the bombardier beetle!
The bombardier beetle is heavily wounded.
You shoot an arrow.
The arrow barely misses the bombardier beetle.
The bombardier beetle sprays incendiary fluid at you.
The burning spray hits you.
You are covered in liquid fire!
You shoot an arrow. The arrow hits the bombardier beetle!
The bombardier beetle is almost dead.
The liquid fire burns you!
The bombardier beetle sprays incendiary fluid at you.
The burning spray misses you.
You shoot an arrow.
The arrow hits the bombardier beetle but does no damage.
The bombardier beetle is almost dead.
The liquid fire burns you!
You shoot an arrow. The arrow hits the bombardier beetle.
You kill the bombardier beetle!
The liquid fire burns you!
Your Dodging skill increases to level 5!
You are on fire!
The liquid fire burns you!
You are on fire!
The liquid fire burns you!
You die...

#.8.8..#
#.#
###.#+#..#
#.# #...#
...# #<#
#.### ##.#
#.# #.# .#
#.# #)# #
#.# #.#
#.# #.###
#.. #@..#
#.. ##..#
... ..8.8
...%..#
..#####
#.# .. ##


There were no monsters in sight!

Vanquished Creatures
  A bombardier beetle (D:3)
  5 adders (D:2)
  A ribbon worm (D:2)
  7 ball pythons
  An endoplasm (D:1)
  A giant cockroach (D:2)
  2 goblins
  3 hobgoblins
  3 jackals (D:1)
  3 kobolds
  A quokka (D:1)
  2 bats (D:1)
  2 frilled lizards
  8 rats
40 creatures vanquished.

Notes
Turn   | Place    | Note
-------+----------+-------------------------------------------
     0 | D:1      | qw the Spriggan Hunter began the quest for the Orb.
     0 | D:1      | Reached XP level 1. HP: 10/10 MP: 2/2
     0 | D:1      | 0 ||| qw: Version: 0.3-a-155-g5e7d8dd
     0 | D:1      | 0 ||| qw: Game counter: 3250
     0 | D:1      | 0 ||| qw: Melee chars always use a shield: true
     0 | D:1      | 0 ||| qw: God list: Okawaru
     0 | D:1      | 0 ||| qw: Allow faded altars: false
     0 | D:1      | 0 ||| qw: Do Orc after clearing Dungeon:15 true
     0 | D:1      | 0 ||| qw: Do second Lair branch before Depths: true
     0 | D:1      | 0 ||| qw: Lair rune preference: random
     0 | D:1      | 0 ||| qw: Goals: Normal
     0 | D:1      | 0 ||| PLANNING D:1-11
    13 | D:1      | Reached skill level 3 in Dodging
    47 | D:1      | Reached XP level 2. HP: 14/14 MP: 3/3
   349 | D:1      | 349 ||| READING scroll labelled VUNKUCRYDU.
   450 | D:1      | 450 ||| DRINKING 2 smoky red potions.
   451 | D:1      | 451 ||| DROPPING scroll of butterflies.
   611 | D:2      | Reached XP level 3. HP: 18/18 MP: 4/4
   622 | D:2      | Found a sparkling altar of Nemelex Xobeh.
   635 | D:2      | Identified the +5 scale mail of the Turtle {rPois MP+9
                  | Str-4 Dex+4}
   636 | D:2      | 636 ||| FLEEEEING.
   638 | D:2      | 638 ||| FLEEEEING.
   641 | D:2      | 641 ||| FLEEEEING.
   642 | D:2      | 642 ||| FLEEEEING.
   643 | D:2      | 643 ||| FLEEEEING.
   645 | D:2      | 645 ||| FLEEEEING.
   905 | D:2      | Reached XP level 4. HP: 22/22 MP: 5/5
  1359 | D:2      | 1359 ||| READING scroll labelled JUAROM POGIKK.
  1359 | D:2      | 1359 ||| IDENTIFYING fizzy ruby potion
  1360 | D:2      | 1360 ||| READING scroll labelled DACVAPR JOMPA.
  1361 | D:2      | 1361 ||| DRINKING 2 lumpy silvery potions.
  1396 | D:2      | 1396 ||| DROPPING potion of lignification.
  1454 | D:3      | Identified the +4 dagger of Linearity {freeze, Will+ rCorr
                  | Int-5}
  1497 | D:3      | HP: 3/22 [burnt (6)]
  1498 | D:3      | Incinerated by a bombardier beetle

Levels and vault maps discovered:
D:1:      eino_arrival_tree_alley, layout_basic
D:2:      layout_loops_corners, basic_altar
D:3:      layout_rooms, dreamdust_ecumenical_altar_angels_and_demons

Skill      XL: |  1  2  3  4 |
---------------+-------------+-----
Dodging        | 3 4 5 |  5.2
Ranged Weapons | 5 |  5.1
Fighting       | |  1.5
Stealth        | |  1.5

Action                     |  1- 3 |  4- 6 || total
---------------------------+-------+-------++-------
   Fire: Shortbow          |    84 |    27 ||   111
    Use: Scroll            |     1 |     2 ||     3
         Potion            |     1 |     1 ||     2
 Armour: Robe              |     4 |     3 ||     7
  Dodge: Dodged            |    15 |    11 ||    26

Table legend:
 A = Non-vault XP
 B = Vault XP
 C = Vault XP percentage of total XP
 D = Non-vault monster count
 E = Vault monster count
 F = Vault count percentage of total count
                 A         B        C        D         E       F
            +---------+---------+-------+---------+---------+-------
      Total |     168 |       0 |   0.0 |      40 |       0 |   0.0
            +---------+---------+-------+---------+---------+-------
        D:1 |      30 |       0 |   0.0 |      19 |       0 |   0.0
        D:2 |      88 |       0 |   0.0 |      19 |       0 |   0.0
        D:3 |      50 |       0 |   0.0 |       2 |       0 |   0.0
            +---------+---------+-------+---------+---------+-------
